Unix NetHack Version 5.0.0-0 post-release - last build May 10 2026 23:12:36 (d1fa5d53e341ca933230fdaa984d921c805b60aa,branch:main).

Game began 2026-05-15 06:30:26, ended 2026-05-15 07:11:35.

2459832143, chaotic female human Barbarian

                 ----------                 ----------
       ------    |.........#################-........|                    Z
       |....|    |........|                #|........|
       |....|    |........|     $           |........|
       |....| #@#-........|                 |.....e..|
       |...)[##  ----------                 |.....<..|
       |....|                               --.-------         %
       |..)%.``                               #          $                  $
       ----.-                                 #####
                                  `               ###                 $
                                                ----|- *
           $                                    |{...|
                                                |....|
                                                |>...|                  $
                                                |....+
                                                ------       %
             $                                                   (        $$
       *     $          $         $

2459832143 the Pillager    St:18/01 Dx:18 Co:18 In:7 Wi:7 Ch:7  Chaotic
Dlvl:5  $:60 HP:0(38) Pw:8(8) AC:2  Xp:4 T:1715  FoodPois

Latest messages:
 Waiting doesn't feel like a good idea right now.
 Waiting doesn't feel like a good idea right now.
 Waiting doesn't feel like a good idea right now.
 Waiting doesn't feel like a good idea right now.
 Waiting doesn't feel like a good idea right now.
 Waiting doesn't feel like a good idea right now.
 Waiting doesn't feel like a good idea right now.
 Waiting doesn't feel like a good idea right now.
 Waiting doesn't feel like a good idea right now.
 Waiting doesn't feel like a good idea right now.
 Waiting doesn't feel like a good idea right now.
 Waiting doesn't feel like a good idea right now.
 Waiting doesn't feel like a good idea right now.
 Waiting doesn't feel like a good idea right now.
 Waiting doesn't feel like a good idea right now.
 Waiting doesn't feel like a good idea right now.
 Waiting doesn't feel like a good idea right now.
 Waiting doesn't feel like a good idea right now.
 Waiting doesn't feel like a good idea right now.
 Waiting doesn't feel like a good idea right now.
 Waiting doesn't feel like a good idea right now.
 Waiting doesn't feel like a good idea right now.
 Waiting doesn't feel like a good idea right now.
 Waiting doesn't feel like a good idea right now.
 Waiting doesn't feel like a good idea right now.
 Waiting doesn't feel like a good idea right now.
 Waiting doesn't feel like a good idea right now.
 Waiting doesn't feel like a good idea right now.
 Waiting doesn't feel like a good idea right now.
 Waiting doesn't feel like a good idea right now.
 Waiting doesn't feel like a good idea right now.
 Waiting doesn't feel like a good idea right now.
 Waiting doesn't feel like a good idea right now.
 Waiting doesn't feel like a good idea right now.
 Your sickness feels worse.
 Your sickness is severe.
 What do you want to drink? [in or ?*] n
 You detect the presence of objects.
 (For instructions type a '?')
 Done.
 What do you want to drink? [i or ?*] i
 You feel self-knowledgeable...
 The feeling subsides.
 You are at Death's door.
 You die from your illness.
 Do you want your possessions identified? [ynq] (y) y
 Do you want to see your attributes? [ynq] (y) y
 Do you want an account of creatures vanquished? [ynaq] (y) y
 Do you want to see your conduct and achievements? [ynq] (y) y
 Do you want to see the dungeon overview? [ynq] (y) y

Inventory:
 Coins    ('$')
  $ - 60 gold pieces
 Weapons  (')')
  e - a cursed -2 boomerang
  l - 10 cursed -1 shuriken
  f - a +0 orcish dagger
  b - a +0 axe (alternate weapon; not wielded)
  a - a +0 two-handed sword (weapon in hands)
 Armor    ('[')
  o - a cursed -2 dwarvish iron helm (being worn)
  p - an uncursed +0 pair of iron shoes (being worn)
  q - an uncursed +0 dwarvish cloak (being worn)
  r - a cursed +0 dwarvish mithril-coat (being worn)
  c - a blessed +0 ring mail
 Comestibles  ('%')
  g - a cursed food ration
 Spellbooks  ('+')
  h - an uncursed spellbook of confuse monster
 Tools    ('(')
  j - an uncursed sack containing 1 item

Contents of the sack:
  an uncursed egg

2459832143 the Barbarian's attributes:

Background:
 You were a Pillager, a level 4 female human Barbarian.
 You were chaotic, nominally on a mission for Set
 who was opposed by Mitra (lawful) and Crom (neutral).
 You were left-handed.
 You were in the Dungeons of Doom, on level 5.
 You entered the dungeon 1715 turns ago.
 You had 98 experience points, 62 more were needed to attain level 5.

Basics:
 You had 0 out of 38 hit points.
 You had all 8 energy points (spell power).
 Your armor class was 2.
 Your wallet contained 60 zorkmids.
 Autopickup was off.

Final Characteristics:
 Your strength was 18/01 (limit:18/100).
 Your dexterity was 18 (limit:18).
 Your constitution was 18 (limit:18).
 Your intelligence was 7 (limit:18).
 Your wisdom was 7 (limit:18).
 Your charisma was 7 (limit:18).

Final Status:
 You died from food poisoning.
 You weren't hungry.
 You were unencumbered.
 You were wielding a two-handed sword.
 You had basic skill with two-handed sword.

Final Attributes:
 You were devoutly aligned.
 Your items were somewhat protected from fire.
 Your items were somewhat protected from cold.
 You were poison resistant.
 You were guarded.
 You are dead.

Miscellaneous:
 You didn't encounter any bones levels.
 Total elapsed playing time was 41 minutes and 7 seconds.

Major events:
 Turn
    1: 2459832143 the chaotic female human Barbarian entered the dungeon
  811: attained the rank of Pillager (level 3)
 1222: entered the Gnomish Mines
 1715: poisoned by a rotted gnome lord corpse

You didn't know any spells.

Skills:
 Fighting Skills
   bare handed combat [Basic]
   two weapon combat  [Unskilled]
   riding             [Unskilled]
 Weapon Skills
   dagger             [Unskilled]
   axe                [Basic]
   pick-axe           [Unskilled]
   short sword        [Unskilled]
   broadsword         [Unskilled]
   long sword         [Unskilled]
   two-handed sword   [Basic]
   saber              [Unskilled]
   club               [Unskilled]
   mace               [Unskilled]
   morning star       [Unskilled]
   flail              [Unskilled]
   hammer             [Unskilled]
   quarterstaff       [Unskilled]
   spear              [Unskilled]
   trident            [Unskilled]
   bow                [Unskilled]
 Spellcasting Skills
   attack spells      [Unskilled]
   escape spells      [Unskilled]

Voluntary challenges:
 Character rerolling was not enabled.
 You were an atheist.
 You were illiterate.
 You never genocided any monsters.
 You never polymorphed an object.
 You never changed form.
 You used no wishes.
Achievements:
 You attained the rank of Pillager.
 You entered the Gnomish Mines.

 The Dungeons of Doom: levels 1 to 5
    Level 1:
       Some fountains.
    Level 2:
       An altar to Set, some fountains, a grave, many trees.
    Level 3:
       Stairs down to The Gnomish Mines.
    Level 4:
    Level 5: <- You were here.
       A fountain.
       Final resting place for
          you, poisoned by a rotted gnome lord corpse.
 The Gnomish Mines:
    Level 4:


Vanquished creatures:
  a wood nymph
  a gnome leader
  a giant ant
  a dwarf
  a giant bat
  a gas spore
  a large kobold
  a giant rat
  a gecko
  3 jackals
  2 kobolds
  a goblin
  a lichen
  a kobold zombie
  3 newts
20 creatures vanquished.

No species were genocided or became extinct.

Game over:
                       ----------
                      /          \
                     /    REST    \
                    /      IN      \
                   /     PEACE      \
                  /                  \
                  |    2459832143    |
                  |      60 Au       |
                  |  poisoned by a   |
                  |   rotted gnome   |
                  |   lord corpse    |
                  |                  |
                  |       2026       |
                 *|     *  *  *      | *
        _________)/\\_//(\/(/\)/\//\/|_)_______

Goodbye 2459832143 the Barbarian...

You were poisoned in The Dungeons of Doom on dungeon level 5 with 666 points,
and 60 pieces of gold, after 1715 moves.
You were level 4 with a maximum of 38 hit points when you were poisoned.

